 Dungeon Crawl Stone Soup version 0.22-a0-362-g535178c (webtiles) character file.

281 zero the Sneak (level 6, -6/32 HPs)
             Began as a Gargoyle Earth Elementalist on Apr 20, 2018.
             Mangled by an iguana (12 damage)
             ... on level 3 of the Dungeon.
             The game lasted 00:05:13 (3181 turns).

zero the Sneak (Gargoyle Earth Elementalist)        Turns: 3181, Time: 00:05:14

Health: -6/32      AC:  6    Str: 11    XL:     6   Next: 27%
Magic:  6/9        EV: 12    Int: 18    God:
Gold:   114        SH:  0    Dex: 10    Spells: 0/9 levels left

rFire    . . .     SeeInvis .   j - +4 dagger (venom)
rCold    . . .     Gourm    .   (no shield)
rNeg     + . .     Faith    .   c - +0 robe
rPois    ∞         Spirit   .   (no helmet)
rElec    +         Reflect  .   (no cloak)
rCorr    .         Harm     .   (no gloves)
MR       .....                  (no boots)
Stlth    +++.......             (no amulet)
HPRegen  0.10/turn              (no ring)
MPRegen  0.11/turn              (no ring)

@: no status effects
A: negative energy resistance 1, electricity resistance, unbreathing,
petrification resistance, rot immunity, AC +4
a: no special abilities


You were on level 3 of the Dungeon.
You were hungry.

You visited 1 branch of the dungeon, and saw 4 of its levels.

You collected 114 gold pieces.

Inventory:

Hand Weapons
 j - a +4 dagger of venom (weapon)
Missiles
 b - 73 stones (quivered)
Armour
 c - a +0 robe (worn)
Scrolls
 a - 3 scrolls of identify
 e - a scroll of teleportation
 f - a scroll of magic mapping {unknown}
 i - a scroll of fear {unknown}
Potions
 g - a potion of heal wounds {unknown}
 h - a potion of curing
 k - a potion of degeneration {unknown}
Comestibles
 d - 4 rations


   Skills:
 - Level 1.5 Dodging
 + Level 7.6 Stealth
 - Level 2.0 Spellcasting
   Level 0.7 Transmutations
 - Level 3.6 Earth Magic


You couldn't memorise any spells.
You knew the following spells:

 Your Spells              Type           Power        Failure   Level  Hunger
a - Sandblast             Erth           ##....       4%          1    #......
b - Stone Arrow           Conj/Erth      #.....       26%         3    ###....
c - Lee's Rapid Deconstr  Erth           ##........   75%         5    ######.


Dungeon Overview and Level Annotations

Branches:
Dungeon (4/15)
 Temple: D:4-7

Altars:

Annotations:
D:3 VDreamerV's ghost, amateur NaTm


Innate Abilities, Weirdness & Mutations

You are resistant to torment.
Your stone body is resilient. (AC +4)
You are immune to poison.
You resist negative energy. (rN+)
You are resistant to electric shocks. (rElec)
You can survive without breathing.
You are immune to petrification.
You are immune to rotting.


Message History

Casting: Sandblast (safe; 4% risk of failure)
Confirm with . or Enter, or press ? or * to list all spells.
Aiming: Sandblast (safe; 4% risk of failure)
Press: ? - help, Shift-Dir - straight line, f/p - iguana
Aim: an iguana (lightly wounded)
The blast of sand hits the iguana.
The iguana is lightly wounded.
b - 74 stones The iguana bites you.
* * * LOW HITPOINT WARNING * * *
Casting: Sandblast (safe; 4% risk of failure)
Confirm with . or Enter, or press ? or * to list all spells.
Aiming: Sandblast (safe; 4% risk of failure)
Press: ? - help, Shift-Dir - straight line, f/p - iguana
Aim: an iguana (lightly wounded)
The blast of sand hits the iguana.
The iguana is lightly wounded.
b - 73 stones The iguana bites you!
You die...

###.#..#.####....#
#...........+.....
#.#.#..#.####....#
#.#.#..#.# #....#
#.######## ######
##........
..#...#..
##.####.l......
...l...@#
#.######.......
#######


You could see an iguana and a frilled lizard.

Vanquished Creatures
  Sigmund (D:2)
  An iguana (D:4)
  3 gnolls (D:3)
  2 adders (D:2)
  2 worms (D:2)
  2 dart slugs (D:2)
  A leopard gecko (D:4)
  5 goblins
  5 hobgoblins
  2 jackals (D:4)
  8 kobolds
  3 ball pythons
  7 bats
  A frilled lizard (D:1)
  4 rats
47 creatures vanquished.

Notes
Turn   | Place    | Note
-------+----------+-------------------------------------------
     0 | D:1      | zero the Gargoyle Earth Elementalist began the quest for the Orb.
     0 | D:1      | Reached XP level 1. HP: 10/10 MP: 3/3
   152 | D:1      | Reached skill level 3 in Stealth
   184 | D:1      | Reached XP level 2. HP: 6/15 MP: 3/5
  1181 | D:2      | Reached skill level 4 in Stealth
  1181 | D:2      | Reached XP level 3. HP: 3/19 MP: 1/6
  1722 | D:2      | Noticed Sigmund
  1732 | D:2      | Killed Sigmund
  1732 | D:2      | Reached skill level 6 in Stealth
  1732 | D:2      | Reached XP level 4. HP: 10/24 MP: 1/7
  1732 | D:2      | Reached XP level 5. HP: 12/28 MP: 1/8
  2044 | D:2      | Reached skill level 7 in Stealth
  2444 | D:3      | Reached XP level 6. HP: 32/32 MP: 9/9
  2470 | D:3      | Learned a level 3 spell: Stone Arrow
  2476 | D:3      | Learned a level 5 spell: Lee's Rapid Deconstruction
  2559 | D:3      | Noticed VDreamerV's ghost (amateur NaTm)
  3181 | D:3      | Mangled by an iguana

Vault maps used:
D:1:      giann_wishing_wells, minmay_pentomino_u4
D:2:      uniq_sigmund
D:3:      wad_woods_stonehenge, lemuel_round_altar,
          lemuel_coloured_pillars_altar
D:4:      first_ration

Skill      XL: |  1  2  3  4  5 |
---------------+----------------+-----
Stealth        | 3 4 6 7 |  7.6
Dodging        | |  1.5
Spellcasting   | |  2.0
Transmutations | |  0.7
Earth Magic    | |  3.6

Action                   |  1- 3 |  4- 6 || total
-------------------------+-------+-------++-------
Melee: Dagger            |    90 |    66 ||   156
       Unarmed           |    10 |       ||    10
 Cast: Sandblast         |    16 |    10 ||    26
  Use: Scroll            |     3 |     4 ||     7
 Stab: Sleeping          |     3 |     5 ||     8
       Distracted        |     1 |       ||     1
  Eat: Chunk             |     2 |     5 ||     7
Armor: Robe              |    40 |    25 ||    65
Dodge: Dodged            |    89 |    44 ||   133

Table legend:
 A = Spawn XP
 B = Non-spawn XP
 C = Spawn XP percentage of total XP
 D = Spawn monster count
 E = Non-spawn monster count
 F = Spawn count percentage of total count
 G = Total turns spent on level
                    A         B        C        D         E        F      G
               +---------+---------+-------+---------+---------+-------+---------
         Total |       0 |     402 |   0.0 |       0 |      47 |   0.0 |  3181
               +---------+---------+-------+---------+---------+-------+---------
           D:1 |       0 |      25 |   0.0 |       0 |      18 |   0.0 |  1048
           D:2 |       0 |     291 |   0.0 |       0 |      20 |   0.0 |  1391
           D:3 |       0 |      43 |   0.0 |       0 |       4 |   0.0 |   139
           D:4 |       0 |      43 |   0.0 |       0 |       5 |   0.0 |   603
               +---------+---------+-------+---------+---------+-------+---------
